 Dungeon Crawl Stone Soup version 0.21.1-1-g345015f (webtiles) character file.

5154 Lapis the Geomancer (level 10, -20/53 HPs)
             Began as a Gargoyle Earth Elementalist on Feb 12, 2018.
             Was a Believer of Cheibriados.
             Demolished by an orc warrior
             ... wielding a +0 war axe
              (26 damage)
             ... in a bailey.
             The game lasted 00:22:29 (10238 turns).

Lapis the Geomancer (Gargoyle Earth Elementalist)  Turns: 10238, Time: 00:22:30

Health: -20/53     AC: 21    Str: 22    XL:     10   Next: 59%
Magic:  21/21      EV: 13    Int: 22    God:    Cheibriados [**....]
Gold:   281        SH: 12    Dex: 14    Spells: 9/24 levels left

rFire    . . .     SeeInvis .   J - +6 war axe "Ogre's Undoing" {vamp, rElec MR+}
rCold    . . .     Gourm    .   s - +5 buckler "Ucrupaoj" {rElec}
rNeg     + . .     Faith    .   r - +4 ring mail
rPois    ∞         Spirit   .   (no helmet)
rElec    +         Reflect  +   i - +1 cloak
rCorr    .         Harm     .   l - +0 pair of gloves
MR       ++...                  o - +0 pair of boots
Stlth    +.........             v - +2 amulet of reflection
HPRegen  0.17/turn              n - ring of protection from magic
MPRegen  0.17/turn              (no ring)

@: mighty, very slow
A: negative energy resistance 1, electricity resistance, unbreathing,
petrification resistance, rot immunity, AC +7
a: Bend Time, Renounce Religion


You were in a bailey.
You worshipped Cheibriados.
Cheibriados was pleased with you.
You were not hungry.

You visited 2 branches of the dungeon, and saw 9 of its levels.
You also visited: Bailey.

You collected 281 gold pieces.

Inventory:

Hand Weapons
 j - a +2 long sword of distortion
 E - a +0 long sword
 J - the +6 war axe "Ogre's Undoing" (weapon) {vamp, rElec MR+}
   (You found it on level 7 of the Dungeon)

   It inflicts no extra harm, but heals its wielder when it wounds a living foe.
   It insulates you from electricity.
   It affects your resistance to hostile enchantments.
Missiles
 x - 19 stones (quivered)
Armour
 c - a +0 robe
 i - a +1 cloak (worn)
 k - a +0 shield
 l - a +0 pair of gloves (worn)
 o - a +0 pair of boots (worn)
 r - a +4 ring mail (worn)
 s - the +5 buckler "Ucrupaoj" (worn) {rElec}
   (You found it on level 8 of the Dungeon)

   It insulates you from electricity.
 D - a +0 cloak of invisibility
 G - a +0 crystal plate armour
Jewellery
 n - a ring of protection from magic (left hand)
 v - a +2 amulet of reflection (around neck)
Wands
 w - a wand of iceblast (4)
 F - a wand of digging (17)
Scrolls
 f - 7 scrolls of teleportation
 q - 2 scrolls of noise
 u - 4 scrolls of enchant armour
 y - a scroll of fog
 C - 2 scrolls of remove curse
 H - a scroll of identify
 I - a scroll of enchant weapon
 M - 2 scrolls of blinking {unknown}
 N - a scroll of amnesia {unknown}
Potions
 a - a potion of agility
 b - a potion of heal wounds {unknown}
 g - a potion of invisibility {unknown}
 h - a potion of haste {unknown}
 m - a potion of mutation {unknown}
 p - 2 potions of flight {unknown}
 t - 2 potions of might
 z - a potion of degeneration {unknown}
 A - 4 potions of curing {unknown}
 B - a potion of berserk rage {unknown}
Books
 e - a book of Geomancy

   Spells                             Type                      Level
   a - Sandblast                      Earth                        1
   b - Passwall                       Transmutation/Earth          2
   c - Stone Arrow                    Conjuration/Earth            3
   d - Petrify                        Transmutation/Earth          4
   e - Lee's Rapid Deconstruction     Earth                        5
 K - a book of Flames

   Spells                             Type                      Level
   a - Flame Tongue                   Conjuration/Fire             1
   b - Throw Flame                    Conjuration/Fire             2
   c - Conjure Flame                  Conjuration/Fire             3
   d - Inner Flame                    Hexes/Fire                   3
   e - Sticky Flame                   Conjuration/Fire             4
   f - Fireball                       Conjuration/Fire             5
Comestibles
 d - 7 rations
 L - 4 chunks of flesh


   Skills:
 - Level 2.0 Fighting
 - Level 5.0 Armour
 - Level 3.9 Dodging
 - Level 2.1 Stealth
 + Level 3.3 Shields
 - Level 7.9 Spellcasting
 - Level 6.3 Conjurations
 - Level 0.7 Transmutations
 - Level 10.1 Earth Magic
 - Level 3.3 Invocations


You had 9 spell levels left.
You knew the following spells:

 Your Spells              Type           Power        Failure   Level  Hunger
a - Sandblast             Erth           ######       1%          1    None
b - Passwall              Tmut/Erth      ####......   1%          2    None
c - Stone Arrow           Conj/Erth      #####.       1%          3    None
d - Petrify               Tmut/Erth      ####....     13%         4    ###....
e - Lee's Rapid Deconstr  Erth           ######....   5%          5    #####..


Dungeon Overview and Level Annotations

Branches:
Dungeon (8/15)             Temple (1/1) D:7
   Lair: D:8-11

Altars:
Ashenzari
Cheibriados
Dithmenos
Fedhas
Gozag
Hepliaklqana
Okawaru
Qazlal
Sif Muna
Trog
Wu Jian
Zin


Innate Abilities, Weirdness & Mutations

You are resistant to torment.
Your stone body is resilient. (AC +7)
You are immune to poison.
You resist negative energy. (rN+)
You are resistant to electric shocks. (rElec)
You can survive without breathing.
You are immune to petrification.
You are immune to rotting.


Message History

You closely miss the orc warrior.
The orc warrior is almost dead.
You hit the orc warrior but do no damage.
The orc warrior hits you with a war axe.
The orc warrior barely misses you.
Unknown command.
You slash the orc warrior!
You feel better.
You kill the orc warrior!
Cheibriados appreciates the change of pace.
You hit the orc warrior. The orc warlord barely misses you.
The orc warrior hits you with a war axe!!
* * * LOW HITPOINT WARNING * * *
A hobgoblin comes into view. It is wielding a hand axe.
You are too injured to fight recklessly!
Unknown command.
You feel very mighty all of a sudden. The orc warrior barely misses you.
The orc warlord hits you but does no damage.
The orc warrior hits you with a war axe!!
You die...

#.........#
##.......##
#.......#
##.....##
##'####
##.....##
#...)...#
##..))...##
#...)@)...#
#...ooo...#
#.....⌠.o...#
##.........##
#.........#
##......g##
#.......o
##.....##g


You could see an orc warlord, 3 orc warriors, an orc and 2 hobgoblins.

Vanquished Creatures
  A two-headed ogre (D:8)
  The ghost of Ratty the Fighter, a novice CeBe of Trog (D:7)
  The ghost of appiemonkey the Ruffian, a novice MiMo (D:5)
  The ghost of
  1994 the Skirmisher, a novice DsBe of Trog (D:6)
  A hippogriff (D:7)
  Sigmund (D:6)
  A basilisk (D:7)
  Menkaure (D:5)
  Edmund (D:5)
  A sky beast (D:5)
  5 orc warriors
  2 ice beasts (D:5)
  2 ogres
  3 centaurs
  A phantom (D:6)
  Blork the orc (D:5)
  A bullfrog (D:7)
  3 scorpions
  A howler monkey (D:4)
  A bullfrog zombie (D:5)
  A centaur zombie (D:7)
  6 orc priests
  7 orc wizards
  Crazy Yiuf (D:6)
  2 bullfrog skeletons
  2 iguanas
  3 worker ants
  A hound skeleton (D:7)
  2 worker ant zombies (D:5)
  7 gnolls (Bailey)
  2 howler monkey skeletons
  11 adders
  2 shadow imps
  2 oozes
  5 worms
  3 dart slugs
  3 leopard geckos
  34 orcs
  2 ball pythons
  7 giant cockroaches
  13 goblins
  18 hobgoblins
  12 jackals
  A quokka (D:2)
  4 bats
  4 frilled lizards
  4 kobolds
  A leopard gecko skeleton (D:4)
  A leopard gecko zombie (D:7)
  6 rats
197 creatures vanquished.

Vanquished Creatures (others)
  A jelly (D:7)
1 creature vanquished.

Grand Total: 198 creatures vanquished

Notes
Turn   | Place    | Note
-------+----------+-------------------------------------------
     0 | D:1      | Lapis the Gargoyle Earth Elementalist began the quest for the Orb.
     0 | D:1      | Reached XP level 1. HP: 10/10 MP: 3/3
   172 | D:1      | Reached XP level 2. HP: 15/15 MP: 5/5
   179 | D:1      | Learned a level 2 spell: Passwall
   225 | D:1      | Reached skill level 4 in Earth Magic
   811 | D:2      | Reached XP level 3. HP: 11/19 MP: 6/6
   818 | D:2      | Learned a level 3 spell: Stone Arrow
  1365 | D:2      | Reached XP level 4. HP: 12/24 MP: 7/7
  1367 | D:2      | Reached skill level 1 in Conjurations
  1523 | D:2      | Found a hazy altar of Hepliaklqana.
  1586 | D:2      | Found a faded altar of an unknown god.
  1904 | D:2      | Reached skill level 5 in Earth Magic
  1906 | D:2      | Reached XP level 5. HP: 5/28 MP: 2/9
  2303 | D:2      | Learned a level 4 spell: Petrify
  2900 | D:3      | Found a shadowy altar of Dithmenos.
  2971 | D:3      | Reached XP level 6. HP: 32/32 MP: 3/11
  4606 | D:4      | Found an ornate altar of the Wu Jian Council.
  4606 | D:4      | Found a shattered altar of Ashenzari.
  4606 | D:4      | Found a deep blue altar of Sif Muna.
  4607 | D:4      | Found an iron altar of Okawaru.
  4610 | D:4      | Found an opulent altar of Gozag.
  4682 | D:5      | Entered Level 5 of the Dungeon
  4688 | D:4      | Reached skill level 6 in Earth Magic
  4688 | D:4      | Reached XP level 7. HP: 9/36 MP: 8/13
  5267 | D:5      | Noticed Menkaure
  5270 | D:5      | Killed Menkaure
  5543 | D:5      | Noticed Blork the orc
  5548 | D:5      | Killed Blork the orc
  5548 | D:5      | Reached XP level 8. HP: 26/41 MP: 9/15
  5648 | D:5      | Reached skill level 5 in Spellcasting
  5946 | D:5      | Reached skill level 7 in Earth Magic
  6169 | D:5      | Noticed Edmund
  6173 | D:5      | Killed Edmund
  6319 | D:5      | Learned a level 5 spell: Lee's Rapid Deconstruction
  6473 | D:5      | Reached skill level 8 in Earth Magic
  6481 | D:5      | Noticed appiemonkey's ghost (novice MiMo)
  6585 | D:5      | Killed appiemonkey's ghost
  6585 | D:5      | Reached skill level 5 in Conjurations
  6585 | D:5      | Reached XP level 9. HP: 8/45 MP: 0/18
  7164 | D:6      | Noticed 1994's ghost (novice DsBe)
  7173 | D:6      | Killed 1994's ghost
  7289 | D:6      | Noticed Sigmund
  7293 | D:6      | Killed Sigmund
  7358 | D:6      | Found a blossoming altar of Fedhas.
  7679 | D:6      | Found a runed door.
  7683 | D:6      | Noticed Crazy Yiuf
  7686 | D:6      | Killed Crazy Yiuf
  7736 | D:6      | Found a glowing silver altar of Zin.
  8403 | D:7      | Reached skill level 5 in Armour
  8533 | D:7      | Found a staircase to the Ecumenical Temple.
  8539 | Temple   | Entered the Ecumenical Temple
  8552 | Temple   | Became a worshipper of Cheibriados the Contemplative
  8601 | D:7      | Noticed Ratty's ghost (novice CeBe)
  8613 | D:7      | Killed Ratty's ghost
  8613 | D:7      | Reached skill level 9 in Earth Magic
  8613 | D:7      | Reached skill level 1 in Invocations
  8816 | D:7      | Reached XP level 10. HP: 53/53 MP: 17/20
  9103 | D:7      | Got a crude war axe
  9365 | D:7      | Reached * piety under Cheibriados
  9425 | D:7      | Identified the +6 war axe "Ogre's Undoing" {vamp, rElec MR+} (You found it on level 7 of the Dungeon)
  9847 | D:8      | Noticed a two-headed ogre
  9853 | D:8      | Killed a two-headed ogre
  9853 | D:8      | Reached skill level 10 in Earth Magic
  9958 | D:8      | Got a faintly glowing buckler
  9964 | D:8      | Identified the +5 buckler "Ucrupaoj" {rElec} (You found it on level 8 of the Dungeon)
  9993 | D:8      | Found a flagged portal.
 10031 | Bailey   | Entered a bailey
 10076 | Bailey   | Reached skill level 1 in Shields
 10232 | Bailey   | Noticed an orc warlord
 10235 | Bailey   | Reached ** piety under Cheibriados
 10238 | Bailey   | Demolished by an orc warrior

Skill      XL: |  1  2  3  4  5  6  7  8  9 10 |
---------------+-------------------------------+-----
Earth Magic    | 4 5 6 8 9 10 | 10.1
Dodging        | 2 3 |  3.9
Conjurations   | 1 2 3 5 6 |  6.3
Spellcasting   | 3 4 6 7 |  7.9
Armour         | 5 |  5.0
Fighting       | 2 |  2.0
Invocations    | 1 3 |  3.3
Shields        | 3 |  3.3
Stealth        | |  2.1
Transmutations | |  0.7

Action                   |  1- 3 |  4- 6 |  7- 9 | 10-12 || total
-------------------------+-------+-------+-------+-------++-------
Melee: Unarmed           |    52 |       |       |       ||    52
       Dagger            |    17 |       |       |       ||    17
       Short sword       |    61 |   208 |    23 |       ||   292
       Long sword        |       |       |    60 |     5 ||    65
       War axe           |       |       |       |    90 ||    90
 Cast: Sandblast         |    27 |    46 |    71 |    36 ||   180
       Stone Arrow       |       |       |    59 |     7 ||    66
       Passwall          |       |       |       |     1 ||     1
  Use: Scroll            |       |     5 |     4 |     4 ||    13
       Potion            |       |       |       |     1 ||     1
 Stab: Sleeping          |     1 |     1 |       |       ||     2
       Distracted        |     1 |       |       |       ||     1
  Eat: Chunk             |     2 |    10 |     7 |     1 ||    20
       Ration            |       |       |     3 |     2 ||     5
Armor: Robe              |    58 |    93 |    38 |       ||   189
       Ring mail         |       |       |    21 |    41 ||    62
Dodge: Dodged            |   117 |   131 |    89 |    57 ||   394
Block: Shield            |       |     6 |       |       ||     6
       Other             |       |     7 |    10 |     2 ||    19
       Buckler           |       |       |       |    54 ||    54
       Rpst.: Long sword |       |       |    22 |     1 ||    23
